 Dungeon Crawl Stone Soup version 0.14-a0-1686-g0e827d1 (webtiles) character file.

180 Nicoed the Fey Minotaur (level 4, -2/37 HPs)
             Began as a Minotaur Death Knight on Dec 30, 2013.
             Was a Believer of Yredelemnul.
             Killed by divine providence
             ... invoked by an orc priest
              (14 damage)
             ... on Level 3 of the Dungeon.
             The game lasted 00:04:55 (1829 turns).

Nicoed the Fey Minotaur (Minotaur Death Knight)     Turns: 1829, Time: 00:04:58

HP  -2/37        AC 15     Str 18      XL: 4   Next: 37%
MP   5/5         EV  4     Int  8      God: Yredelemnul [**....]
Gold 87          SH  0     Dex 10      Spells:  0 memorised,  3 levels left

rFire  . . .     SeeInvis .     a - +1 hand axe
rCold  . . .     Clarity  .     l - +2 orc plate armour
rNeg   . . .     Conserve .     (no shield)
rPois  .         rCorr    .     (helmet restricted)
rElec  .         rRot     .     f - +1 cloak
SustAb . .       Spirit   .     (no gloves)
rMut   +         Warding  .     (no boots)
Saprov . . .     Stasis   .     o - amulet of resist mutation {unknown}
                                (no ring)
                                (no ring)

@: slightly resistant to hostile enchantments, extremely unstealthy
A: retaliatory headbutt, horns 2
a: Animate Remains, Recall Undead Slaves, Injury Mirror, Renounce Religion


You were on level 3 of the Dungeon.
You worshipped Yredelemnul.
Yredelemnul was pleased with you.
You were not hungry.

You visited 1 branch of the dungeon, and saw 3 of its levels.

You collected 87 gold pieces.

Inventory:

Hand weapons
 a - a +1,+1 hand axe (weapon)
Armour
 f - a +1 cloak (worn)
 l - a +2 orcish plate armour (worn)
Comestibles
 c - a bread ration
Scrolls
 d - 5 scrolls of identify {unknown}
 e - a scroll of noise {unknown}
 g - a scroll of amnesia {unknown}
 h - a scroll of enchant weapon I {unknown}
 i - 2 scrolls of remove curse {unknown}
 j - a scroll of immolation {unknown}
 k - 2 scrolls of magic mapping {unknown}
 m - a scroll of curse armour {unknown}
 p - a scroll of curse weapon {unknown}
 q - a scroll of enchant armour {unknown}
 r - a scroll of enchant weapon II {unknown}
Jewellery
 o - an amulet of resist mutation (around neck) {unknown}
Potions
 b - 2 potions of heal wounds {unknown}
 n - a potion of paralysis {unknown}
 s - a potion of agility {unknown}


   Skills:
 + Level 2.9 Fighting
 + Level 3.0 Axes
 + Level 2.8 Armour
 + Level 1.4 Dodging
 + Level 0.1 Stealth
 + Level 3.8 Invocations


You had 3 spell levels left.
You didn't know any spells.

Dungeon Overview and Level Annotations

Branches:
Dungeon (3/16)

Altars:


Innate Abilities, Weirdness & Mutations

You reflexively headbutt those who attack you in melee.
You have a pair of horns on your head.


Message History

The orc priest shouts!
The orc shouts!
The orc priest moves out of view.
An adder and an orc come into view.
There are monsters nearby!
There are monsters nearby!
There are monsters nearby!
An orc priest comes into view. It is wielding an orcish hand axe.
The orc shouts!
An orc comes into view. It is wielding an orcish short sword.
The orc priest calls down the wrath of Beogh upon you.
Something smites you!
The orc priest mumbles some strange prayers to Beogh against you.
Something smites you!
A hobgoblin comes into view. It is wielding an orcish club.
The hobgoblin shouts!
The adder bites you.
The orc priest mumbles some strange prayers to Beogh against you.
Something smites you!
You die...
Your body rises from the dead as a mindless zombie.

...# #.####..# .).#
#.#.....#
###.......#.....#
.##....#.....# . .#
....#.....# .b. .#
..........# ....
.##....####.## .....
.
.#.......###o......
..........z@So.o....
...........o.o....#
..................
..####............
#............
#........g..
#..........
#......... .....


You could see 2 orc priests, an adder, 3 orcs, a hobgoblin, a bat and a friendly
adder zombie.

Vanquished Creatures
  Jessica (D:2)
  3 adders
  A worm (D:2)
  A giant gecko (D:2)
  2 orcs (D:3)
  8 bats
  5 hobgoblins
  3 jackals (D:2)
  2 giant newts
  8 goblins
  5 kobolds
  6 rats
45 creatures vanquished.

Vanquished Creatures (others)
  A hobgoblin zombie (D:1)
1 creature vanquished.

Grand Total: 46 creatures vanquished

Notes
Turn   | Place    | Note
--------------------------------------------------------------
     0 | D:1      | Nicoed, the Minotaur Death Knight, began the quest for the Orb.
     0 | D:1      | Reached XP level 1. HP: 18/18 MP: 1/1
    33 | D:1      | Reached skill level 3 in Invocations
   505 | D:1      | Reached XP level 2. HP: 23/25 MP: 2/2
  1153 | D:2      | Reached XP level 3. HP: 27/30 MP: 4/4
  1220 | D:2      | Acquired Yredelemnul's second power
  1442 | D:2      | Noticed Jessica
  1450 | D:2      | Killed Jessica
  1450 | D:2      | Reached XP level 4. HP: 19/37 MP: 5/5
  1829 | D:3      | Killed from afar by an orc priest

Action                   |  1- 3 |  4- 6 || total
-------------------------+-------+-------++-------
Melee: Hand axe          |    83 |    17 ||   100
Invok: Animate Remains   |     2 |     5 ||     7
       Recall Undead Sla |     1 |       ||     1
